 Dungeon Crawl Stone Soup version 0.29-a0-1027-gcd8c55af63 (webtiles) character file.

Game seed: 12315423364099765821

152 27heaven the Sneak (level 5, 30/30 HPs)
             Began as a Vampire Warper on Aug 12, 2022.
             Quit the game on level 2 of the Dungeon.
             The game lasted 00:06:58 (3095 turns).

27heaven the Sneak (Vampire Warper)                 Turns: 3095, Time: 00:06:58

Health: 30/30      AC:  5    Str: 10    XL:     5   Next: 11%
Magic:  18/18      EV: 11    Int: 18    God:
Gold:   61         SH:  0    Dex: 13    Spells: 4/9 levels left

rFire   . . .      SeeInvis +   a - +0 short sword
rCold   + + .      Faith    .   (no shield)
rNeg    + + +      Spirit   .   b - +0 leather armour
rPois   ∞          Reflect  .   j - +1 helmet
rElec   .          Harm     .   (no cloak)
rCorr   .          Rampage  .   (no gloves)
Will    .....                   (no boots)
Stlth   +++++.....              (no amulet)
HPRegen 0.10/turn               h - ring of magical power
MPRegen 0.16/turn               (no ring)

@: bloodless
A: bloodless, fangs 3, see invisible, vampiric 2
a: Bat Form, Revivify


You were on level 2 of the Dungeon.
You visited 1 branch of the dungeon, and saw 3 of its levels.

You collected 61 gold pieces.

Inventory:

Hand Weapons
 a - a +0 short sword (weapon)
Missiles
 d - 7 boomerangs of dispersal (quivered)
Armour
 b - a +0 leather armour (worn)
 j - a +1 helmet (worn)
Jewellery
 h - a ring of magical power (left hand)
Scrolls
 c - a scroll of blinking
 f - a scroll of teleportation {unknown}
 k - a scroll of fear {unknown}
 l - a scroll of enchant weapon {unknown}
Potions
 e - a potion of resistance {unknown}
 g - 2 potions of cancellation {unknown}
 i - 2 potions of curing {unknown}
 m - a potion of attraction {unknown}


   Skills:
 - Level 1.7 Fighting
 - Level 2.1 Short Blades
 - Level 0.7 Throwing
 - Level 0.7 Armour
 - Level 2.1 Dodging
 * Level 5.3 Stealth
 + Level 2.8 Spellcasting
 + Level 3.3 Translocations


You had 4 spell levels left.
You knew the following spells:

 Your Spells              Type           Power      Damage    Failure   Level
a - Blink                 Tloc           28%        N/A       9%          2
b - Teleport Other        Tloc           14%        N/A       17%         3

Your spell library contained the following spells:

 Spells                   Type           Power      Damage    Failure   Level
 Gell's Gravitas          Tloc           14%        N/A       17%         3
 Lesser Beckoning         Tloc           14%        N/A       17%         3
 Ensorcelled Hibernation  Hex/Ice        4%         N/A       34%         2
 Passwall                 Tmut/Erth      1%         N/A       34%         2
 Swiftness                Air            2%         N/A       56%         3
 Manifold Assault         Tloc           14%        N/A       85%         5


Dungeon Overview and Level Annotations

Branches:
Dungeon (3/15)

Altars:


Innate Abilities, Weirdness & Mutations

You do not regenerate when monsters are visible.
You are frail without blood (-20% HP).
You can heal yourself when you bite living creatures.
You are immune to poison.
You have razor-sharp teeth.
You have supernaturally acute eyesight. (SInv)
You are afflicted with vampirism and can become a bat while bloodless.


Message History

You kill the ball python!
There is an open door here.
A rat comes into view.
A rat is nearby!
You hit the rat.
The rat is severely wounded.
The rat closely misses you.
You closely miss the rat. You bite the rat, but do no damage.
The rat is severely wounded.
The rat closely misses you.
You hit the rat.
You kill the rat!
Found a stone staircase leading down.
You see here the felid skeleton of Natasha.
There is an open door here.
There is an open door here.
There is an open door here.
There is an open door here.
Found 5 poisoned darts.
You open the door.
There is an open door here.
You open the door.
There is an open door here.
You open the door.
There is an open door here.
There is an open door here.
You open the door.
There is an open door here.
Found a stone.
There is an open door here.
Done exploring.
Done exploring.
Done exploring.
Done exploring.
(D) Dungeon
Where to? (Enter - D:2, ? - help)
What level of the Dungeon? (default 1, ? - help)
Okay, then.
Enter note: Are you sure you want to abandon this character and quit the game? (Confirm with "yes".)

### #
#.################
#.......#.........
#.#######.########
#.# #..[..........
#.# #.####.#######
##@###.####.# #
#...........#######
##.#.#.#........<..
#....#.#......[....
##.#.#.#...........
#.#.#.#...........
#.#.#.#...........
#.#.#.#...........
#.#.#.##.#########


There were no monsters in sight!

Vanquished Creatures
  A hound (D:2)
  Natasha (D:2)
  3 adders (D:2)
  A worm (D:2)
  5 dart slugs
  6 ball pythons
  11 endoplasms
  3 giant cockroaches
  3 hobgoblins (D:2)
  2 jackals (D:2)
  2 kobolds (D:1)
  A quokka (D:1)
  4 bats
  5 frilled lizards (D:1)
  3 goblins
  A rat (D:2)
52 creatures vanquished.

Notes
Turn   | Place    | Note
-------+----------+-------------------------------------------
     0 | D:1      | 27heaven the Vampire Warper began the quest for the Orb.
     0 | D:1      | Reached XP level 1. HP: 16/16 MP: 3/3
   155 | D:1      | Reached skill level 1 in Stealth
   230 | D:1      | Reached XP level 2. HP: 11/17 MP: 5/5
   233 | D:1      | Learned a level 2 spell: Blink
   391 | D:1      | Reached skill level 2 in Stealth
  1057 | D:1      | Reached skill level 3 in Stealth
  1069 | D:1      | Gained mutation: You are afflicted with vampirism and can
                  | become a bat while bloodless. [Vampire growth]
  1069 | D:1      | Reached XP level 3. HP: 21/21 MP: 6/6
  1528 | D:2      | Learned a level 3 spell: Teleport Other
  1706 | D:2      | Reached skill level 4 in Stealth
  1706 | D:2      | Reached XP level 4. HP: 14/26 MP: 7/7
  2057 | D:2      | You fall into a shaft and drop 1 floor!
  2463 | D:2      | Noticed Natasha
  2493 | D:2      | Killed Natasha
  2494 | D:2      | Reached skill level 5 in Stealth
  2494 | D:2      | Reached XP level 5. HP: 15/30 MP: 9/9
  3095 | D:2      | Quit the game

Illustrated notes

Levels and vault maps discovered:
D:1:      dpeg_arrival_erosion, layout_basic, minivault_25
D:2:      layout_basic, chequers_serial_rivers_large_b, uniq_natasha
D:3:      layout_basic, mainiacjoe_overflow_large_starburst,
          dreamdust_ecumenical_altar_angels_and_demons, uniq_robin

Skill      XL: |  1  2  3  4 |
---------------+-------------+-----
Stealth        | 1 3 4 5 |  5.3
Translocations | 3 |  3.3
Fighting       | |  1.7
Short Blades   | |  2.1
Throwing       | |  0.7
Armour         | |  0.7
Dodging        | |  2.1
Spellcasting   | |  2.8

Action                   |  1- 3 |  4- 6 || total
-------------------------+-------+-------++-------
Melee: Short sword       |   114 |    63 ||   177
       Bite              |     8 |    10 ||    18
       Punch             |     2 |       ||     2
 Abil: Exsanguinate      |     1 |       ||     1
 Stab: Sleeping          |    11 |    10 ||    21
Armor: Leather armour    |    39 |    13 ||    52
Dodge: Dodged            |    55 |    28 ||    83
Block: Kite shield       |       |     4 ||     4

Table legend: (Time is in decaauts)
 A = Elapsed time spent in this place.
 B = Non-inter-level travel time spent in this place.
 C = Inter-level travel time spent in this place.
 D = Time resting spent in this place.
 E = Time spent auto-exploring this place.
 F = Levels seen in this place.
 G = Mean time per level.
                   A        B        C        D        E       F      G
               +--------+--------+--------+--------+--------+-----+--------+
         Total |   3122 |   3102 |     20 |    550 |   1873 |   3 | 1040.7 |
       Dungeon |   3122 |   3102 |     20 |    550 |   1873 |   3 | 1040.7 |
               +--------+--------+--------+--------+--------+-----+--------+

Top non-repeatable levels by time:
     D:2: 1777 daAuts
     D:1: 1288 daAuts
     D:3: 57 daAuts
